 Dungeon Crawl Stone Soup version 0.25-a0-201-g0bb11aece9 (webtiles) character file.

Game seed: 8277548810145414820, levelgen mode: deterministic

39 floatRand the Shield-Bearer (level 3, -2/29 HPs)
             Began as a Demonspawn Fighter on Dec 2, 2019.
             Slain by Natasha (6 damage)
             ... on level 2 of the Dungeon.
             The game lasted 00:01:12 (1542 turns).

floatRand the Shield-Bearer (Demonspawn Fighter)    Turns: 1542, Time: 00:01:13

Health: -2/29      AC: 13    Str: 16    XL:     3   Next: 28%
Magic:  3/3        EV:  2    Int:  9    God:
Gold:   117        SH:  9    Dex: 13    Spells: 2/2 levels left

rFire    . . .     SeeInvis .   a - +0 long sword
rCold    . . .     Gourm    .   c - +0 shield
rNeg     . . .     Faith    .   j - +0 plate armour
rPois    .         Spirit   .   (no helmet)
rElec    .         Reflect  .   (no cloak)
rCorr    .         Harm     .   (no gloves)
MR       .....                  (no boots)
Stlth    ..........             (no amulet)
HPRegen  0.09/turn              (no ring)
MPRegen  0.08/turn              (no ring)

@: slowed, very slow
A: iridescent scales 1, rot immunity
a: no special abilities


You were on level 2 of the Dungeon.
You were not hungry.

You visited 1 branch of the dungeon, and saw 2 of its levels.

You collected 117 gold pieces.

Inventory:

Hand Weapons
 a - a +0 long sword (weapon)
Armour
 b - a +0 scale mail
 c - a +0 shield (worn)
 j - a +0 plate armour (worn)
Jewellery
 h - an uncursed amulet of the gourmand {unknown}
Scrolls
 e - 3 scrolls of teleportation {unknown}
 g - 7 scrolls of identify {unknown}
 i - 3 scrolls of remove curse {unknown}
 k - a scroll of blinking {unknown}
 l - 4 scrolls of amnesia {unknown}
 m - a scroll of fear {unknown}
Potions
 d - a potion of might
 n - a potion of flight {unknown}
 p - a potion of degeneration {unknown}
Comestibles
 f - 7 rations
 o - a chunk of flesh


   Skills:
 - Level 3.0 Fighting
 + Level 2.7 Long Blades
 - Level 2.6 Armour
 + Level 3.4 Shields


You had 2 spell levels left.
You didn't know any spells.
Your spell library was empty.

Dungeon Overview and Level Annotations

Branches:
Dungeon (2/15)

Altars:
Gozag
Sif Muna
Yredelemnul
Zin

Annotations:
D:2 Natasha


Innate Abilities, Weirdness & Mutations

You are partially covered in iridescent scales. (AC +2)
You are immune to rotting.


Message History

The white imp hits you but does no damage.
The crimson imp barely misses you.
The crimson imp hits you but does no damage.
Natasha claws you but does no damage. The white imp gestures at you.
The puff of frost hits you.
The crimson imp hits you but does no damage.
The crimson imp blinks!
You hit Natasha.
Natasha is severely wounded.
Natasha stares at you and mumbles some strange words.
The magic dart hits you! Natasha claws you but does no damage.
The white imp shouts, "Go and return not, thou errant moldwarp frater!"
You block the white imp's attack. You block the crimson imp's attack.
Natasha claws you!
* * * LOW HITPOINT WARNING * * *
The white imp barely misses you.
The crimson imp hits you but does no damage.
Natasha claws you.
You die...

...............##.............#
..............................#
.............##...#...........#
..................#...........#
..................#...........#
..#####.###.......#...........#
..# #.# #.......#...........#
..# #.# #....5ยง.............#
### #.# ##....@5#...........#
..# #.# #...5h.###.......###
_.#####.# ####...# #...8...#
..#.....# #...###..8.8..#
.######.# #...##..8._.8.#
####################...8.8..#
........................8...#
#####################.......#
#########


You could see Natasha, 2 crimson imps and a white imp.

Vanquished Creatures
  An adder (D:2)
  An ooze (D:1)
  A dart slug (D:1)
  A leopard gecko (D:2)
  8 bats
  A goblin (D:1)
  3 hobgoblins
  6 kobolds
  3 rats
25 creatures vanquished.

Notes
Turn   | Place    | Note
-------+----------+-------------------------------------------
     0 | D:1      | floatRand the Demonspawn Fighter began the quest for the
                  | Orb.
     0 | D:1      | Reached XP level 1. HP: 18/18 MP: 1/1
    68 | D:1      | Gained mutation: You are immune to rotting. [demonic
                  | ancestry]
    68 | D:1      | Reached XP level 2. HP: 14/24 MP: 2/2
   982 | D:2      | Found a basalt altar of Yredelemnul.
  1072 | D:2      | Found a faded altar of an unknown god.
  1152 | D:2      | Found an opulent altar of Gozag.
  1153 | D:2      | Found a glowing silver altar of Zin.
  1197 | D:2      | Found a shimmering blue altar of Sif Muna.
  1250 | D:2      | Gained mutation: You are partially covered in iridescent
                  | scales. (AC +2) [demonic ancestry]
  1250 | D:2      | Reached XP level 3. HP: 19/29 MP: 3/3
  1529 | D:2      | Noticed Natasha
  1542 | D:2      | Slain by Natasha

Levels and vault maps discovered:
D:1:      mrwooster_arrival_statue_3, layout_rooms, st_stairs_14,
          serial_bayou_lagoon_a, serial_bayou_pond_c
D:2:      layout_basic, lemuel_doored_altar, lemuel_crystal_altar,
          grunt_temple_overflow_gold_and_silver,
          chequers_ecumenical_altar_simple_redux, uniq_natasha

Skill      XL: |  1 |
---------------+----+-----
Long Blades    | 2 |  2.7
Shields        | 3 |  3.4
Fighting       | |  3.0
Armour         | |  2.6

Action                   || total
-------------------------++-------
Melee: Long sword        ||   124
  Eat: Chunk             ||     2
Armor: Scale mail        ||    43
       Plate armour      ||    54
Dodge: Dodged            ||    36
Block: Shield            ||    87
       Rpst.: Long sword ||    15

Table legend:
 A = Non-vault XP
 B = Vault XP
 C = Vault XP percentage of total XP
 D = Non-vault monster count
 E = Vault monster count
 F = Vault count percentage of total count
                 A         B        C        D         E       F
            +---------+---------+-------+---------+---------+-------
      Total |      56 |       1 |   1.8 |      24 |       1 |   4.0
            +---------+---------+-------+---------+---------+-------
        D:1 |      31 |       1 |   3.1 |      17 |       1 |   5.6
        D:2 |      25 |       0 |   0.0 |       7 |       0 |   0.0
            +---------+---------+-------+---------+---------+-------
